 Dungeon Sprint DCSS version 0.30-a0-800-g7c544603b3 (webtiles) character file.

Game seed: 1087404962089559838

54 rocky1 the Basher (level 7, -9/64 HPs)
             Began as a Minotaur Gladiator on Feb 23, 2023.
             Was an Initiate of Gozag.
             Killed from afar by a hell hound (24 damage)
             ... with a blast of flame
             ... in the Dungeon (Sprint VI: "Thunderdome").
             The game lasted 00:02:25 (455 turns).

rocky1 the Basher (Minotaur Gladiator)               Turns: 455, Time: 00:02:26

Health: -9/64      AC:  4    Str: 21    XL:     7   Next: 35%
Magic:  6/6        EV: 16    Int:  5    God:    Gozag
Gold:   919        SH:  0    Dex: 11    Spells: 6/6 levels left

rFire   . . .      SeeInvis .    a - +0 flail
rCold   . . .      Faith    .    (no shield)
rNeg    + . .      Spirit   .    p - +2 robe {rN+}
rPois   .          Reflect  .    c - +0 hat
rElec   .          Harm     .    (no cloak)
rCorr   .          Rampage  .    (no gloves)
Will    .....      NoTele   +    (no boots)
Stlth   +                        (no amulet)
HPRegen 0.30/turn                (no ring)
MPRegen 0.10/turn                (no ring)

@: no status effects
A: horns 2, retaliatory headbutt
a: Renounce Religion, Potion Petition, Call Merchant, Bribe Branch


You were in the Dungeon.
You worshipped Gozag.
Gozag was pleased with you.
You visited 1 branch You collected 919 gold pieces.

Inventory:

Hand Weapons
 a - a +0 flail (weapon)
Missiles
 d - 3 throwing nets (quivered)
 e - a javelin
Armour
 b - a +0 leather armour
 c - a +0 hat (worn)
 p - a +2 robe of positive energy (worn)
Wands
 m - a wand of light (5)
 n - a wand of iceblast (2)
Scrolls
 k - 4 scrolls of blinking
 o - 3 scrolls of fog
Potions
 f - a potion of curing
 g - 4 potions of heal wounds
 h - 4 potions of haste
 i - 2 potions of magic
 j - a potion of berserk rage
 l - a potion of resistance


   Skills:
 + Level 6.9 Fighting
 + Level 12.8 Maces & Flails
 + Level 5.2 Throwing
 + Level 0.2 Armour
 + Level 11.0 Dodging
 + Level 1.8 Evocations


You had 6 spell levels left.
You didn't know any spells.
Your spell library was empty.

Dungeon Overview and Level Annotations

Branches:
Dungeon (1/1)

Altars:
Cheibriados
Dithmenos
Fedhas
Gozag
Kikubaaqudgha
Makhleb
Okawaru
Qazlal
Ru
Sif Muna
Trog
Uskayaw
Vehumet
Wu Jian
Xom
Yredelemnul
Zin
The Shining One
Lugonu

Shops:
D *[??*?*:[((!!!!


Innate Abilities, Weirdness & Mutations

You have a pair of horns on your head.
You reflexively headbutt those who attack you in melee.


Message History

You kill the hell hound!
Your Dodging skill increases to level 11!
You now have enough gold to fund merchants seeking to open stores in the dungeon.
You now have 838 gold pieces (gained 63).
You now have 919 gold pieces (gained 81).
You start resting.
A hell hound comes into view.
The hell hound barks!
The hell hound misses you. The hell hound bites you!
You miss the hell hound. Your headbutt misses the hell hound.
The hell hound bites you.
You thump the hell hound!
The hell hound is moderately wounded.
The hell hound bites you.
You closely miss the hell hound.
The hell hound is moderately wounded.
The hell hound bites you.
You barely miss the hell hound.
The hell hound is moderately wounded.
The hell hound barely misses you. You furiously retaliate!
You headbutt the hell hound. You hit the hell hound.
You headbutt the hell hound, but do no damage.
The hell hound is heavily wounded.
The hell hound bites you.
You barely miss the hell hound.
The hell hound is heavily wounded.
The hell hound stops to sniff the ground.
The hell hound bites you!
* * * LOW HITPOINT WARNING * * *
You barely miss the hell hound.
You headbutt the hell hound, but do no damage.
The hell hound is heavily wounded.
The hell hound barely misses you. x2
You sock the hell hound! Your headbutt misses the hell hound.
The hell hound is severely wounded.
The hell hound breathes flames at you. The blast of flame hits you!!
You die...
Your body crumbles into a pile of gold.

#_......._# #_......._#
##.........###
⌠...........⌠#
.8.........8.######
.....###......___∩##
...8.# #.8........∩###
.....###.............##
..###...###.....@h...⌠#
..# #.<.# #..........⌠#
..###...###..........⌠#
.....###.............##
...8.# #.8........∩###
..)..###......_._∩##
.8.........8.######
⌠...........⌠#
##.........###


You could see a hell hound (catching breath).

Vanquished Creatures
  Sigmund (D)
  A hell hound (D)
  2 wolves (D)
  4 necrophages (D)
  An iguana (D)
  An orc (D)
  An endoplasm (D)
  A ball python zombie (D)
  A jackal zombie (D)
  A kobold (D)
14 creatures vanquished.

Notes
Turn   | Place    | Note
-------+----------+-------------------------------------------
     0 | D        | rocky1 the Minotaur Gladiator began the quest for the Orb.
     0 | D        | Reached XP level 1. HP: 18/18 MP: 0/0
     3 | D        | Found an ornate altar of the Wu Jian Council.
     3 | D        | Found a blossoming altar of Fedhas.
     4 | D        | Found a snail-covered altar of Cheibriados.
     4 | D        | Found a glowing silver altar of Zin.
     5 | D        | Found a bloodstained altar of Trog.
     5 | D        | Found a sacrificial altar of Ru.
     5 | D        | Round 1.
     6 | D        | Found a stormy altar of Qazlal.
     6 | D        | Found Asodecela's Staff Store.
     6 | D        | Found Tinywk's Magic Scroll Shop.
     7 | D        | Found an ancient bone altar of Kikubaaqudgha.
     8 | D        | Found Jyusetase's Distillery.
     8 | D        | Found a hide-covered altar of Uskayaw.
     8 | D        | Found a burning altar of Makhleb.
     8 | D        | Found Meonun's Do-It-Yourself Clinic.
     9 | D        | Found Waakob's Distillery.
     9 | D        | Found Logrussa's Bottled Wisdom.
    12 | D        | Found a shimmering altar of Xom.
    13 | D        | Found a basalt altar of Yredelemnul.
    14 | D        | Found a corrupted altar of Lugonu.
    15 | D        | Found a shimmering blue altar of Sif Muna.
    15 | D        | Found an iron altar of Okawaru.
    15 | D        | Found Daniha's Weapon Rack.
    15 | D        | Found Arrith's Premium Goods.
    16 | D        | Found Ymik's Basic Armour.
    16 | D        | Found Forheafi's Miscellaneous Merchandise.
    19 | D        | Found an opulent altar of Gozag.
    19 | D        | Noticed Sigmund
    20 | D        | Found a radiant altar of Vehumet.
    23 | D        | Killed Sigmund
    24 | D        | Reached skill level 8 in Maces & Flails
    24 | D        | Reached XP level 2. HP: 28/28 MP: 1/1
    24 | D        | Reached XP level 3. HP: 34/34 MP: 2/2
    24 | D        | Reached XP level 4. HP: 41/41 MP: 3/3
    24 | D        | Reached XP level 5. HP: 47/47 MP: 4/4
    26 | D        | Found Noathruts's Identification Station.
    27 | D        | Found Niuxkual's Advanced Armour.
    27 | D        | Found Agogerch's Jewellery.
    31 | D        | Became a worshipper of Gozag Ym Sagoz the Greedy
    32 | D        | Found a shadowy altar of Dithmenos.
    32 | D        | Found a glowing golden altar of the Shining One.
    70 | D        | Found Zougue's Magic Scroll Shop.
    70 | D        | Found Qoejag's Must-Have Magic.
   117 | D        | Arena points: 12 (+12) [x2]
   118 | D        | Reached skill level 9 in Maces & Flails
   118 | D        | Reached skill level 1 in Evocations
   185 | D        | Round 2.
   231 | D        | Reached skill level 5 in Fighting
   281 | D        | Reached skill level 10 in Maces & Flails
   281 | D        | Reached XP level 6. HP: 52/56 MP: 5/5
   286 | D        | Reached skill level 11 in Maces & Flails
   304 | D        | Arena points: 54 (+42) [x3]
   341 | D        | Round 3.
   360 | D        | Reached skill level 12 in Maces & Flails
   360 | D        | Reached skill level 10 in Dodging
   419 | D        | Noticed a hell hound
   426 | D        | Reached skill level 5 in Throwing
   426 | D        | Reached XP level 7. HP: 45/64 MP: 6/6
   455 | D        | Killed from afar by a hell hound

Illustrated notes

Levels and vault maps discovered:
D:        arena_sprint

Skill      XL: |  1  2  3  4  5  6  7 |
---------------+----------------------+-----
Fighting       | 4 5 6 |  6.9
Maces & Flails | 8 10 12 | 12.8
Throwing       | 3 4 5 |  5.2
Dodging        | 7 9 10 11 | 11.0
Evocations     | 1 |  1.8
Armour         | |  0.2

Action                     |  1- 3 |  4- 6 |  7- 9 || total
---------------------------+-------+-------+-------++-------
  Melee: Flail             |       |    48 |    12 ||    60
         Headbutt          |       |    10 |     3 ||    13
  Evoke: Wand              |     3 |       |       ||     3
 Armour: Robe              |       |     8 |       ||     8
  Dodge: Dodged            |       |    22 |     7 ||    29

Table legend: (Time is in decaauts)
 A = Elapsed time spent in this place.
 B = Non-inter-level travel time spent in this place.
 C = Inter-level travel time spent in this place.
 D = Time resting spent in this place.
 E = Time spent auto-exploring this place.
 F = Levels seen in this place.
 G = Mean time per level.
                   A        B        C        D        E       F      G
               +--------+--------+--------+--------+--------+-----+--------+
         Total |    447 |    447 |      0 |    148 |      0 |   1 |  447.0 |
       Dungeon |    447 |    447 |      0 |    148 |      0 |   1 |  447.0 |
               +--------+--------+--------+--------+--------+-----+--------+

Top non-repeatable levels by time:
       D: 447 daAuts
